TOP OF THE 1ST |
Coastal Carolina University Chanticleers batting - Pitching for Louisiana State University Tigers : RHP Sal Ganzalez
|
Pitching: RHP Sal Ganzalez
|
|
Batting: RHB Isaac Washington
|
0-0: Called Strike 0-1: Foul Ball, location: 2F 0-2: Foul Ball, location: 2F 0-2: Ball 1-2: Foul Ball, location: 2F 1-2: Strikes out swinging
|
Batting: LHB Orlando Hurtado
|
0-0: Swinging Strike 0-1: Ball 1-1: Foul Ball, location: 2F 1-2: Ball 2-2: Foul Ball, location: 2F 2-2: Strikes out swinging
|
Batting: RHB Dennis Bennett
|
0-0: Called Strike 0-1: Swinging Strike 0-2: Foul Ball, location: 2F 0-2: Ball 1-2: Ball 2-2: Strikes out swinging
|
Top of the 1st over - 0 runs, 0 hits, 0 errors, 0 left on base; Coastal Carolina University 0 - Louisiana State University 0 |
BOTTOM OF THE 1ST |
Louisiana State University Tigers batting - Pitching for Coastal Carolina University Chanticleers : RHP Eddie Larnach
|
Pitching: RHP Eddie Larnach
|
|
Batting: LHB Elijah Mallandain
|
0-0: Fly out, F8 (Flyball, 78M, EV 86.2 MPH)
|
Batting: RHB Alfredo Padilla
|
0-0: Ball 1-0: Ball 2-0: Called Strike 2-1: Ground out 6-3 (Groundball, 6D, EV 100.6 MPH)
|
Batting: RHB Pete Roberts
|
0-0: Called Strike 0-1: Ball 1-1: Ground out U3 (Groundball, 34S, EV 79.4 MPH)
|
Bottom of the 1st over - 0 runs, 0 hits, 0 errors, 0 left on base; Coastal Carolina University 0 - Louisiana State University 0 |
TOP OF THE 2ND |
Coastal Carolina University Chanticleers batting - Pitching for Louisiana State University Tigers : RHP Sal Ganzalez
|
Batting: RHB Ferri Casteleijn
|
0-0: Ball 1-0: SINGLE (Groundball, 6M, EV 80.0 MPH) (infield hit)
|
Batting: RHB Chris Marcellus
|
0-0: Grounds into double play, 5-4-3 (Groundball, 56S, EV 82.5 MPH)
|
Batting: RHB Tatsunori Ishigaki
|
0-0: Ball 1-0: Swinging Strike 1-1: Ball 2-1: Swinging Strike 2-2: Strikes out looking
|
Top of the 2nd over - 0 runs, 1 hit, 0 errors, 0 left on base; Coastal Carolina University 0 - Louisiana State University 0 |
BOTTOM OF THE 2ND |
Louisiana State University Tigers batting - Pitching for Coastal Carolina University Chanticleers : RHP Eddie Larnach
|
Batting: RHB Keith Ashton
|
0-0: Fly out, F7 (Flyball, 78S, EV 88.1 MPH)
|
Batting: RHB Peter Turcotte
|
0-0: Ball 1-0: Swinging Strike 1-1: Ball 2-1: Fly out, F8 (Line Drive, 8LM, EV 96.2 MPH)
|
Batting: LHB Oscar Rivera
|
0-0: Ball 1-0: Ball 2-0: Fly out, F8 (Flyball, 8RD, EV 104.4 MPH)
|
Bottom of the 2nd over - 0 runs, 0 hits, 0 errors, 0 left on base; Coastal Carolina University 0 - Louisiana State University 0 |
TOP OF THE 3RD |
Coastal Carolina University Chanticleers batting - Pitching for Louisiana State University Tigers : RHP Sal Ganzalez
|
Batting: RHB Oscar Hernandez
|
0-0: Ball 1-0: Ball 2-0: Ground out U3 (Groundball, 3, EV 105.6 MPH)
|
Batting: RHB Alex Montiel
|
0-0: Ball 1-0: SOLO HOME RUN (Flyball, 78XD, EV 111.2 MPH), Distance : 416 ft
|
Batting: RHB Fernando Tovar
|
0-0: Ball 1-0: Ball 2-0: DOUBLE (Line Drive, 89D, EV 101.2 MPH)
|
Batting: RHB Isaac Washington
|
0-0: Ball 1-0: Called Strike 1-1: Ball 2-1: Ground out U3 (Groundball, 34, EV 90.6 MPH) Fernando Tovar to third
|
Batting: LHB Orlando Hurtado
|
0-0: Fly out, F7 (Line Drive, 7, EV 90.0 MPH)
|
Top of the 3rd over - 1 run, 2 hits, 0 errors, 1 left on base; Coastal Carolina University 1 - Louisiana State University 0 |
BOTTOM OF THE 3RD |
Louisiana State University Tigers batting - Pitching for Coastal Carolina University Chanticleers : RHP Eddie Larnach
|
Batting: RHB Winston Vasquez
|
0-0: Ball 1-0: Ball 2-0: Foul Ball, location: 2F 2-1: SINGLE (Groundball, 56, EV 94.4 MPH)
|
Batting: LHB Josh Lane
|
0-0: Ball 1-0: Fielders Choice at 2nd, 4-6 (Groundball, 4, EV 85.0 MPH)
|
Batting: LHB Alex Morales
|
0-0: Fielders Choice at 2nd, 4-6 (Groundball, 34S, EV 83.8 MPH)
|
Batting: LHB Elijah Mallandain
|
0-0: Called Strike 0-1: Foul Ball, location: 2F 0-2: Foul Ball, location: 2F 0-2: Strikes out swinging
|
Bottom of the 3rd over - 0 runs, 1 hit, 0 errors, 1 left on base; Coastal Carolina University 1 - Louisiana State University 0 |
TOP OF THE 4TH |
Coastal Carolina University Chanticleers batting - Pitching for Louisiana State University Tigers : RHP Sal Ganzalez
|
Batting: RHB Dennis Bennett
|
0-0: Foul Ball, location: 2F 0-1: Ball 1-1: Ground out 5-3 (Groundball, 56, EV 106.2 MPH)
|
Batting: RHB Ferri Casteleijn
|
0-0: Called Strike 0-1: Ball 1-1: Called Strike 1-2: Ball 2-2: Foul Ball, location: 2F 2-2: DOUBLE (Flyball, 8LXD, EV 95.6 MPH)
|
Batting: RHB Chris Marcellus
|
0-0: Called Strike 0-1: Ground out 6-3 (Groundball, 6, EV 100.0 MPH)
|
Batting: RHB Tatsunori Ishigaki
|
0-0: Ball 1-0: Ball 2-0: Foul Ball, location: 2F 2-1: Foul Ball, location: 2F 2-2: Foul Ball, location: 2F 2-2: Strikes out looking
|
Top of the 4th over - 0 runs, 1 hit, 0 errors, 1 left on base; Coastal Carolina University 1 - Louisiana State University 0 |
BOTTOM OF THE 4TH |
Louisiana State University Tigers batting - Pitching for Coastal Carolina University Chanticleers : RHP Eddie Larnach
|
Batting: RHB Alfredo Padilla
|
0-0: Ball 1-0: Foul Ball, location: 2F 1-1: SINGLE (Groundball, 6S, EV 96.9 MPH)
|
Batting: RHB Pete Roberts
|
0-0: Called Strike 0-1: Foul Ball, location: 2F 0-2: Fielders Choice at 2nd, 6-4 (Groundball, 56, EV 90.6 MPH)
|
Batting: RHB Keith Ashton
|
0-0: Ball 1-0: Fly out, F9 (Line Drive, 89M, EV 91.9 MPH)
|
Batting: RHB Peter Turcotte
|
0-0: Ball 1-0: Ball 2-0: Ball 3-0: Called Strike 3-1: Called Strike 3-2: Foul Ball, location: 2F 3-2: Strikes out looking
|
Bottom of the 4th over - 0 runs, 1 hit, 0 errors, 1 left on base; Coastal Carolina University 1 - Louisiana State University 0 |
TOP OF THE 5TH |
Coastal Carolina University Chanticleers batting - Pitching for Louisiana State University Tigers : RHP Sal Ganzalez
|
Batting: RHB Oscar Hernandez
|
0-0: Ground out 6-3 (Groundball, 6, EV 109.4 MPH)
|
Batting: RHB Alex Montiel
|
0-0: Called Strike 0-1: Ball 1-1: Foul Ball, location: 2F 1-2: Foul Ball, location: 2F 1-2: Foul Ball, location: 2F 1-2: Ball 2-2: Foul Ball, location: 2F 2-2: Ball 3-2: Strikes out swinging
|
Batting: RHB Fernando Tovar
|
0-0: Ball 1-0: Ball 2-0: Ball 3-0: Called Strike 3-1: Fly out, F9 (Flyball, 89M, EV 84.4 MPH)
|
Top of the 5th over - 0 runs, 0 hits, 0 errors, 0 left on base; Coastal Carolina University 1 - Louisiana State University 0 |
BOTTOM OF THE 5TH |
Louisiana State University Tigers batting - Pitching for Coastal Carolina University Chanticleers : RHP Eddie Larnach
|
Batting: LHB Oscar Rivera
|
0-0: Foul Ball, location: 2F 0-1: Ball 1-1: Called Strike 1-2: Ground out 4-3 (Groundball, 4M, EV 76.9 MPH)
|
Batting: RHB Winston Vasquez
|
0-0: Ball 1-0: Ball 2-0: Ground out 5-3 (Groundball, 56, EV 97.5 MPH)
|
Batting: LHB Josh Lane
|
0-0: Ball 1-0: Ball 2-0: Ball 3-0: Base on Balls
|
Batting: LHB Alex Morales
|
0-0: Ball 1-0: Fly out, F6 (Popup, 6, EV 60.0 MPH)
|
Bottom of the 5th over - 0 runs, 0 hits, 0 errors, 1 left on base; Coastal Carolina University 1 - Louisiana State University 0 |
TOP OF THE 6TH |
Coastal Carolina University Chanticleers batting - Pitching for Louisiana State University Tigers : RHP Sal Ganzalez
|
Batting: RHB Isaac Washington
|
0-0: Called Strike 0-1: Foul Ball, location: 2F 0-2: Strikes out swinging
|
Batting: LHB Orlando Hurtado
|
0-0: Called Strike 0-1: Ball 1-1: Ball 2-1: Foul Ball, location: 2F 2-2: Strikes out swinging
|
Batting: RHB Dennis Bennett
|
0-0: Called Strike 0-1: Foul Ball, location: 2F 0-2: Foul Ball, location: 2F 0-2: Ball 1-2: Strikes out swinging
|
Top of the 6th over - 0 runs, 0 hits, 0 errors, 0 left on base; Coastal Carolina University 1 - Louisiana State University 0 |
BOTTOM OF THE 6TH |
Louisiana State University Tigers batting - Pitching for Coastal Carolina University Chanticleers : RHP Eddie Larnach
|
Batting: LHB Elijah Mallandain
|
0-0: Ball 1-0: Ball 2-0: Ball 3-0: Called Strike 3-1: Fly out, F9 (Flyball, 9LM, EV 83.1 MPH)
|
Batting: RHB Alfredo Padilla
|
0-0: Foul Ball, location: 2F 0-1: Called Strike 0-2: Ball 1-2: Foul Ball, location: 2F 1-2: Strikes out looking
|
Batting: RHB Pete Roberts
|
0-0: Called Strike 0-1: Called Strike 0-2: Ball 1-2: Foul Ball, location: 2F 1-2: SINGLE (Groundball, 56D, EV 97.5 MPH)
|
Batting: RHB Keith Ashton
|
0-0: Fly out, F8 (Flyball, 8LD, EV 103.8 MPH)
|
Bottom of the 6th over - 0 runs, 1 hit, 0 errors, 1 left on base; Coastal Carolina University 1 - Louisiana State University 0 |
TOP OF THE 7TH |
Coastal Carolina University Chanticleers batting - Pitching for Louisiana State University Tigers : RHP Sal Ganzalez
|
Pitching: RHP Brett Carothers
|
|
Batting: RHB Ferri Casteleijn
|
0-0: Ball 1-0: Ball 2-0: Swinging Strike 2-1: Foul Ball, location: 2F 2-2: Ball 3-2: SOLO HOME RUN (Flyball, 7LD, EV 94.4 MPH), Distance : 350 ft
|
Pinch Hitting: LHB Nate Kokx
|
0-0: Ball 1-0: Ball 2-0: Called Strike 2-1: Swinging Strike 2-2: Ball 3-2: Strikes out swinging
|
Batting: RHB Tatsunori Ishigaki
|
0-0: Called Strike 0-1: Ball 1-1: Fly out, F7 (Flyball, 7, EV 91.2 MPH)
|
Batting: LHB Justin Kaller
|
0-0: Ball 1-0: Called Strike 1-1: Foul Ball, location: 2F 1-2: Ground out 4-3 (Groundball, 4S, EV 82.5 MPH)
|
Top of the 7th over - 1 run, 1 hit, 0 errors, 0 left on base; Coastal Carolina University 2 - Louisiana State University 0 |
BOTTOM OF THE 7TH |
Louisiana State University Tigers batting - Pitching for Coastal Carolina University Chanticleers : RHP Eddie Larnach
|
Now in RF: Justin Sanders
|
|
Batting: RHB Peter Turcotte
|
0-0: Called Strike 0-1: Ball 1-1: Ground out 6-3 (Groundball, P, EV 83.8 MPH)
|
Batting: LHB Oscar Rivera
|
0-0: Ball 1-0: Ball 2-0: Ball 3-0: Base on Balls
|
Pitching: LHP Kurt Koehn
|
|
Pinch Hitting: RHB Stewart Walker
|
0-0: Ball 1-0: Fly out, F9 (Flyball, 89M, EV 82.5 MPH)
|
Pinch Hitting: RHB Leo Roldan
|
0-0: Swinging Strike 0-1: Called Strike 0-2: Foul Ball, location: 2F 0-2: Strikes out swinging
|
Bottom of the 7th over - 0 runs, 0 hits, 0 errors, 1 left on base; Coastal Carolina University 2 - Louisiana State University 0 |
TOP OF THE 8TH |
Coastal Carolina University Chanticleers batting - Pitching for Louisiana State University Tigers : RHP Brett Carothers
|
Now at 2B: Michael Maier
|
|
Now at SS: Leo Roldan
|
|
Batting: RHB Alex Montiel
|
0-0: Swinging Strike 0-1: Called Strike 0-2: Strikes out looking
|
Batting: RHB Fernando Tovar
|
0-0: Called Strike 0-1: Ball 1-1: Reached on error, E3 (Groundball, 3, EV 89.4 MPH)
|
Pinch Hitting: RHB Mike Grogan
|
0-0: Ball 1-0: Called Strike 1-1: Called Strike 1-2: Ball 2-2: Fielders Choice at 2nd, 4-6 (Groundball, 4, EV 79.4 MPH)
|
Batting: LHB Orlando Hurtado
|
0-0: Swinging Strike 0-1: Called Strike 0-2: Ball 1-2: Ball 2-2: Ball 3-2: Strikes out swinging
|
Top of the 8th over - 0 runs, 0 hits, 1 error, 1 left on base; Coastal Carolina University 2 - Louisiana State University 0 |
BOTTOM OF THE 8TH |
Louisiana State University Tigers batting - Pitching for Coastal Carolina University Chanticleers : LHP Kurt Koehn
|
Now at 1B: Justin Klein
|
|
Now at SS: Rene Napoles
|
|
Pinch Hitting: RHB Byung-hee Jee
|
0-0: Ball 1-0: Ball 2-0: Called Strike 2-1: Ground out 3-1 (Groundball, 34, EV 80.6 MPH)
|
Pinch Hitting: RHB Zachary Acker
|
0-0: Ball 1-0: Ball 2-0: Ball 3-0: Base on Balls
|
Batting: RHB Alfredo Padilla
|
0-0: Called Strike 0-1: Fly out, F9 (Flyball, 9S, EV 83.1 MPH)
|
Batting: LHB Manny Grado
|
0-0: Ball 1-0: Ball 2-0: Ball 3-0: Fly out, F7 (Flyball, 7D, EV 101.2 MPH)
|
Bottom of the 8th over - 0 runs, 0 hits, 0 errors, 1 left on base; Coastal Carolina University 2 - Louisiana State University 0 |
TOP OF THE 9TH |
Coastal Carolina University Chanticleers batting - Pitching for Louisiana State University Tigers : RHP Brett Carothers
|
Pitching: RHP D.J. Ganz
|
|
Now in LF: Oscar Rivera
|
|
Now in CF: John Carter
|
|
Now in RF: Zachary Acker
|
|
Pinch Hitting: RHB Chris McDaniel
|
0-0: Ball 1-0: DOUBLE (Line Drive, 7LS, EV 98.1 MPH)
|
Batting: RHB Ferri Casteleijn
|
0-0: Intentional Walk
|
Batting: LHB Justin Sanders
|
0-0: SINGLE (Groundball, 6D, EV 101.9 MPH) Chris McDaniel to third Ferri Casteleijn to second
|
Pinch Hitting: LHB Ramelan Nasution
|
0-0: Foul Ball, location: 2F 0-1: Foul Ball, location: 2F 0-2: Grounds into fielders choice 6-2 (Groundball, 6, EV 88.1 MPH) Ferri Casteleijn to third Justin Sanders to second
|
Batting: LHB Justin Kaller
|
0-0: Called Strike 0-1: Called Strike 0-2: Ball 1-2: Ball 2-2: Ball 3-2: Grounds into fielders choice 3-2 (Groundball, 34, EV 82.5 MPH) Justin Sanders to third Ramelan Nasution to second
|
Batting: RHB Alex Montiel
|
0-0: Fly out, F3 (Line Drive, 3, EV 70.0 MPH)
|
Top of the 9th over - 0 runs, 2 hits, 0 errors, 3 left on base; Coastal Carolina University 2 - Louisiana State University 0 |
BOTTOM OF THE 9TH |
Louisiana State University Tigers batting - Pitching for Coastal Carolina University Chanticleers : LHP Kurt Koehn
|
Pitching: RHP Oscar Fajardo
|
|
Now at 3B: Iher Waithaka
|
|
Now in LF: Chris McDaniel
|
|
Pinch Hitting: SHB Brian Caruso
|
0-0: Ball 1-0: Ball 2-0: Foul Ball, location: 2F 2-1: Foul Ball, location: 2F 2-2: Ball 3-2: Fly out, F8 (Flyball, 8RM, EV 89.4 MPH)
|
Pinch Hitting: RHB Bernie Benavides
|
0-0: Ball 1-0: Ball 2-0: Ball 3-0: Called Strike 3-1: Base on Balls
|
Pinch Hitting: SHB Paul Blaylock
|
0-0: Foul Ball, location: 2F 0-1: Called Strike 0-2: Strikes out swinging
|
Pinch Hitting: LHB Jon Valdez
|
0-0: Ball 1-0: Swinging Strike 1-1: Foul Ball, location: 2F 1-2: Foul Ball, location: 2F 1-2: Foul Ball, location: 2F 1-2: Ball 2-2: SINGLE (Groundball, 34D, EV 96.2 MPH) Bernie Benavides to second
|
Pinch Hitting: RHB Steve McCoig
|
0-0: Called Strike 0-1: Ball 1-1: Fly out, F3 (Popup, 3S, EV 69.4 MPH)
|
Bottom of the 9th over - 0 runs, 1 hit, 0 errors, 2 left on base; Coastal Carolina University 2 - Louisiana State University 0 |
|